Map: Curious Minds LE

Players

Scarlett - Winner!

  • Race: Zerg Zerg

MaxPax

  • Race: Protoss Protoss

Event: TSL 8

VOD

Have the link to the VOD?

Description

Time

  • Played on: Dec. 4, 2021, 11:55 a.m.
  • Length: 15:54

All games in this series

Show
View Real Time Build Order
Export as new Build Order

Scarlett Zerg - Winner!

Build Orders: Hatch First 

Get SALT Encoding   

  12  0:00  Drone  
  13  0:12  Overlord  
  13  0:17  Drone  
  14  0:30  Drone x2  
  16  0:43  Drone  
  17  0:51  Hatchery  
  17  0:54  Drone  
  17  0:58  Drone  
  18  1:09  Extractor  
  17  1:12  Spawning Pool  
  17  1:16  Drone  
  17  1:18  Drone  
  18  1:27  Drone  
  19  1:38  Drone  
  20  1:50  Overlord  
  20  2:00  Queen  
  22  2:02  Queen  
  22  2:03  Drone, Zergling x2  
  26  2:12  Metabolic Boost, Zergling x2  
  26  2:13  Drone  
  28  2:22  Drone  
  29  2:24  Drone  
  30  2:33  Zergling x2  
  31  2:38  Queen  
  31  2:43  Hatchery  
  32  2:49  Overlord  
  31  2:51  Zergling x4  
  31  2:57  Drone x2  
  35  3:12  Drone x5  
  40  3:18  Queen  
  42  3:20  Drone x2  
  42  3:23  Overlord  
  44  3:32  Overlord  
  44  3:41  Drone x4  
  48  3:42  Queen  
  48  3:45  Drone  
  51  3:50  Drone  
  51  3:52  Drone x2  
  51  3:53  Drone  
  55  3:57  Roach Warren  
  55  3:59  Zergling x2  
  55  4:00  Zergling x2  
  56  4:05  Zergling x2  
  57  4:10  Zergling x4  
  57  4:15  Zergling x2  
  60  4:19  Overlord  
  60  4:20  Zergling x6  
  60  4:21  Zergling x6  
  66  4:35  Overlord  
  66  4:38  Extractor x2  
  66  4:40  Drone x7, Lair  
  66  4:44  Drone x2  
  73  4:49  Overlord  
  73  4:50  Overlord  
  73  4:51  Drone, Overlord  
  74  4:55  Roach x2  
  78  5:00  Drone x2  
  78  5:04  Roach  
  81  5:15  Zergling x2, Roach x4  
  81  5:16  Roach x2  
  92  5:24  Zergling x12  
  87  5:31  Zergling x2  
  87  5:32  Zergling x4  
  88  5:37  Zergling x4  
  88  5:41  Glial Reconstitution  
  85  5:44  Zergling x4  
  85  5:47  Zergling x2  
  85  5:48  Zergling x4  
  84  5:53  Overseer  
  84  5:56  Zergling x2  
  79  6:06  Drone  
  79  6:07  Drone x6  
  86  6:12  Drone  
  86  6:16  Drone  
  86  6:17  Drone  
  89  6:19  Extractor x2  
  89  6:21  Drone  
  88  6:28  Drone x4  
  92  6:36  Drone x2  
  92  6:37  Drone x2  
  96  6:48  Drone x3  
  96  6:53  Drone, Overlord  
  100  6:58  Evolution Chamber, Roach x3  
  105  7:02  Overlord x2  
  105  7:04  Ravager  
  106  7:15  Drone x8  
  108  7:20  Drone, Extractor  
  108  7:21  Drone, Baneling Nest  
  104  7:26  Drone x6  
  104  7:27  Zerg Missile Weapons Level 1  
  110  7:37  Hatchery  
  109  7:47  Drone x3, Overlord x2  
  103  7:53  Roach x5  
  103  7:54  Roach  
  115  8:00  Roach x6  
  115  8:04  Centrifugal Hooks  
  127  8:18  Overlord x5  
  127  8:26  Roach x6  
  139  8:38  Ravager x8  
  147  8:42  Roach x7  
  147  8:47  Roach x2  
  162  8:54  Zergling x14  
  161  9:05  Zergling x12  
  161  9:09  Overlord  
  167  9:11  Roach x4  
  174  9:18  Zergling x4  
  174  9:25  Zergling x12  
  174  9:30  Zergling x6  
  174  9:39  Baneling  
  174  9:40  Baneling x9  
  174  9:41  Baneling x20  
  174  9:46  Zergling x8  
  180  9:52  Ravager x2  
  180  9:53  Zergling x10  
  180  9:56  Baneling x7  
  178  10:05  Zergling x10  
  156  10:11  Roach x6  
  152  10:17  Roach x4  
  149  10:22  Roach x3  
  149  10:27  Zerg Melee Weapons Level 1  
  125  10:42  Drone x6  
  127  10:43  Drone x8  
  135  10:53  Roach x4  
  143  10:57  Ravager x6  
  143  10:58  Hatchery  
  143  11:03  Roach x4  
  141  11:12  Roach x7  
  152  11:22  Roach  
  152  11:23  Roach x6  
  166  11:29  Roach x4  
  166  11:32  Roach x2  
  178  11:34  Zergling x4  
  178  11:35  Zergling x2  
  181  11:41  Zergling x2  
  181  11:42  Zergling x4  
  184  11:50  Roach x2  
  163  12:01  Roach x11  
  172  12:06  Zergling x4  
  174  12:11  Zergling x8  
  174  12:13  Ravager  
  174  12:15  Baneling x9  
  179  12:18  Zergling x12  
  175  12:25  Baneling x6, Zergling x2  
  175  12:26  Zergling x8  
  180  12:31  Baneling x7  
  180  12:37  Baneling x4  
  173  12:50  Baneling x8  
  171  12:52  Zergling x28  
  171  12:54  Queen  
  171  12:56  Baneling x4  
  172  13:00  Roach x3  
  172  13:01  Zergling x4  
  174  13:07  Baneling x2  
  149  13:15  Roach  
  149  13:16  Roach x7  
  165  13:21  Roach x4  
  172  13:30  Zergling x14  
  179  13:40  Zergling x6  
  179  13:41  Overlord x4  
  180  13:43  Overseer  
  180  13:48  Roach x5  
  177  13:54  Roach x4  
  177  13:58  Roach x2  
  177  14:02  Roach x3  
  177  14:16  Roach x9  
  180  14:26  Ravager x2  
  180  14:28  Zergling x8  
  180  14:29  Zergling x4  
  180  14:30  Ravager x4  
  190  14:32  Baneling x3  
  190  14:34  Zergling x10  
  161  14:47  Roach x7  
  151  14:54  Roach x5  
  151  14:59  Roach x3  
  157  15:04  Roach x3  
  161  15:07  Baneling x5  
  161  15:11  Zergling x10  
  160  15:18  Roach x3  
  160  15:20  Roach  
  152  15:23  Roach x2  
  152  15:26  Ravager  
  157  15:33  Roach x5  
Show
View Real Time Build Order
Export as new Build Order

MaxPax Protoss 

Build Orders: 1 Gate Expand, Mass Adepts 

Get SALT Encoding   

  12  0:00  Probe  
  13  0:12  Probe  
  14  0:20  Pylon  
  14  0:24  Probe  
  15  0:38  Probe (Chrono Boost)  
  15  0:42  Gateway  
  16  0:47  Probe (Chrono Boost)  
  16  0:49  Assimilator  
  17  0:52  Probe (Chrono Boost)  
  18  1:04  Probe  
  19  1:16  Probe  
  20  1:29  Cybernetics Core  
  20  1:35  Nexus  
  20  1:38  Probe  
  21  1:45  Pylon  
  21  1:52  Assimilator  
  21  1:53  Probe  
  22  2:02  Adept (Chrono Boost)  
  22  2:03  Warp Gate (Chrono Boost)  
  22  2:05  Probe  
  25  2:17  Probe  
  25  2:22  Adept (Chrono Boost)  
  26  2:29  Gateway, Probe  
  29  2:41  Probe  
  30  2:46  Stalker  
  30  2:50  Probe  
  33  2:52  Gateway  
  33  2:53  Probe  
  34  3:02  Probe  
  35  3:05  Probe  
  35  3:08  Pylon  
  36  3:14  Probe  
  36  3:17  Probe  
  38  3:23  Twilight Council  
  38  3:26  Probe  
  39  3:29  Robotics Facility  
  39  3:30  Probe  
  40  3:39  Probe  
  41  3:42  Probe  
  41  3:44  Adept x2  
  41  3:47  Adept, Pylon  
  48  3:51  Probe  
  48  3:53  Resonating Glaives (Chrono Boost)  
  48  3:54  Probe  
  50  3:59  Shield Battery  
  50  4:06  Adept x2  
  50  4:07  Adept  
  57  4:15  Warp Prism (Chrono Boost)  
  57  4:16  Assimilator  
  58  4:21  Probe x2  
  60  4:35  Adept x2  
  62  4:39  Pylon  
  62  4:43  Robotics Bay  
  62  4:45  Assimilator  
  62  4:53  Pylon  
  62  4:57  Probe x2  
  62  4:59  Adept x3  
  70  5:02  Pylon  
  70  5:11  Observer (Chrono Boost), Probe  
  65  5:28  Probe x2  
  65  5:29  Disruptor (Chrono Boost)  
  65  5:30  Adept  
  65  5:31  Adept x2  
  75  5:40  Probe  
  70  5:43  Probe  
  65  5:50  Gravitic Drive  
  65  5:52  Adept x2, Probe  
  65  5:53  Adept  
  65  5:55  Probe  
  73  5:58  Disruptor (Chrono Boost)  
  76  6:08  Nexus  
  76  6:09  Pylon  
  76  6:11  Probe x2  
  78  6:23  Probe x2, Forge  
  80  6:26  Gateway  
  80  6:27  Gateway  
  80  6:35  Probe x2, Shield Battery  
  80  6:37  Adept x2  
  80  6:39  Adept  
  88  6:47  Probe  
  88  6:48  Probe  
  88  6:51  Pylon  
  88  6:52  Blink  
  90  6:57  Pylon  
  90  7:01  Probe  
  91  7:10  Colossus (Chrono Boost)  
  91  7:14  Probe  
  94  7:22  Stalker x2, Sentry x3  
  100  7:27  Assimilator  
  100  7:28  Probe x2  
  100  7:29  Assimilator  
  102  7:30  Photon Cannon  
  102  7:31  Protoss Ground Weapons Level 1 (Chrono Boost)  
  101  7:52  Stalker x4  
  101  7:53  Gateway  
  101  7:55  Gateway  
  101  7:56  Pylon  
  101  7:57  Pylon  
  110  7:58  Observer  
  110  8:04  Photon Cannon  
  110  8:06  Stalker  
  110  8:12  Pylon  
  112  8:14  Probe  
  112  8:15  Probe  
  112  8:17  Photon Cannon  
  112  8:19  Stalker, Sentry  
  118  8:20  Stalker  
  118  8:23  Colossus (Chrono Boost)  
  126  8:34  Extended Thermal Lance  
  126  8:37  Photon Cannon  
  126  8:43  Stalker x3  
  127  9:05  Stalker x4  
  127  9:09  Observer (Chrono Boost)  
  136  9:15  Stalker x3  
  142  9:30  Colossus  
  148  9:40  Nexus, Pylon  
  148  9:46  Pylon  
  148  9:56  Pylon  
  148  9:59  Gateway  
  109  10:15  Stalker  
  109  10:16  Stalker x6  
  109  10:21  Colossus (Chrono Boost)  
  95  10:22  Probe x2  
  89  10:39  Stalker x3  
  89  10:40  Sentry x4  
  103  10:46  Probe x2  
  105  11:05  Stalker x5  
  113  11:15  Observer  
  105  11:27  Probe x3  
  108  11:33  Stalker x3  
  108  11:39  Probe x2  
  104  12:05  Stalker x3  
  104  12:06  Stalker, Probe  
  104  12:07  Probe x2  
  113  12:09  Photon Cannon  
  113  12:11  Sentry x2  
  117  12:15  Sentry  
  117  12:19  Probe  
  117  12:20  Disruptor (Chrono Boost)  
  117  12:22  Probe  
  124  12:34  Stalker x2  
  115  12:48  Probe  
  115  12:49  Probe  
  115  12:59  Colossus (Chrono Boost)  
  119  13:19  Stalker x6  
  112  13:53  Stalker x4  
  112  13:54  Stalker x2  
  115  14:18  Stalker x4  
  107  14:52  Stalker x4  
  89  15:08  Sentry x4  
  79  15:23  Stalker  
Tags
 
Add a new tag
Caveats
  • Supply blocks, unpowered buildings, or Contaminate may cause inaccurate times.
  • Supply counts are checked every 10 seconds.